AoeStats
← Alex

Fortress

510326182Analyzed
1v1 RM · 16h ago on Sep 30, 2026· 59m 34s· 2 players
Game mode
Random Map
Map size
Small (3 player)
Population
200
Speed
Normal
Resources
Standard
Victory
Conquest
Starting age
Dark Age
Ending age
Imperial Age
RankedLock teamsTeams togetherTeam positionsShared explorationLock speedFull tech treeHidden civsTurbo modeCheats
Victory
Defeat
🇦🇷 Hindustanis · Argentina
1547
+16
🇩🇪 Danes · Germany
1541
-16
Alex
6:18 Feudal Age
10:43 Castle Age
9:19 Scale Mail Armor
9:20 Double-Bit Axe
9:57 Horse Collar
10:30 Forging
11:42 Loom
13:54 Arson
16:32 Chain Mail Armor
23:47 Squires
23:33 Gambesons
25:39 Iron Casting
26:37 Wheelbarrow
26:39 Fletching
29:45 Bodkin Arrow
30:24 Bow Saw
30:08 Elite Skirmisher
30:50 Padded Archer Armor
36:05 Imperial Age
34:01 Ballistics
37:34 Plate Mail Armor
38:11 Bracer
40:15 Hand Cart
40:41 Leather Archer Armor
41:48 Chemistry
44:02 Conscription
44:22 Heavy Plow
46:50 Town Watch
46:41 Hamask
46:47 Elite Jomsviking
48:37 Blast Furnace
49:31 Ring Archer Armor
48:57 Elite Varangian Guard
50:18 Northmen's Fury
53:32 Thumb Ring
Richard Lee
7:36 Feudal Age
8:45 Double-Bit Axe
11:30 Castle Age
9:14 Horse Collar
12:22 Bow Saw
12:16 Heavy Plow
14:08 Loom
14:23 Fletching
15:37 Bodkin Arrow
16:04 Loom
17:47 Guard Tower
21:57 Wheelbarrow
24:00 Padded Archer Armor
29:28 Hand Cart
33:58 Imperial Age
31:59 Town Watch
32:45 Thumb Ring
33:04 Ballistics
33:52 Leather Archer Armor
33:54 Scale Barding Armor
33:59 Forging
33:58 Husbandry
34:20 Town Patrol
34:38 Bloodlines
35:18 Bracer
37:16 Chain Barding Armor
37:07 Forging
37:27 Ring Archer Armor
36:44 Light Cavalry
38:48 Chemistry
38:00 Gold Mining
38:01 Stone Mining
39:34 Plate Barding Armor
39:35 Iron Casting
40:12 Hussar
42:09 Conscription
43:33 Blast Furnace
42:46 Masonry
43:09 Heavy Cavalry Archer
43:10 Crossbowman
47:03 Scale Mail Armor
49:07 Grand Trunk Road
49:47 Siege Engineers
49:37 Murder Holes
55:21 Herbal Medicine
Connection lost

Rejoining the realm…

Still unreachable

The connection could not be restored.

Session expired

The server has moved on; the page needs a fresh start.